 Dungeon Crawl Stone Soup version 0.31-a0-1165-g196b491b36 (webtiles) character file.

Game seed: 7104316183243248414

15236 bmb222 the Cleaver (level 11, -25/84 HPs)
             Began as a Demonspawn Brigand on Dec 9, 2023.
             Was a Believer of Uskayaw.
             Annihilated by a komodo dragon (29 damage)
             ... on level 1 of the Lair of Beasts.
             The game lasted 00:22:06 (11779 turns).

bmb222 the Cleaver (Demonspawn Brigand)            Turns: 11779, Time: 00:22:07

Health: -25/84     AC:  8    Str: 18    XL:     11   Next: 99%
Magic:  11/11      EV: 17    Int: 11    God:    Uskayaw [**....]
Gold:   819        SH:  0    Dex: 19    Spells: 10/10 levels left

rFire   . . .        N - +16 obsidian axe {drain, demonic, Mesm Drain Fly SInv}
rCold   . . .        (no shield)
rNeg    + . .        O - +0 ring mail {rN+}
rPois   .            g - +0 helmet
rElec   .            p - +0 cloak
rCorr   .            (no gloves)
SInv    +            (no boots)
Will    .....        P - amulet of faith
Stlth   ++++         x - +6 ring of strength
HPRegen 0.34/turn    m - +4 ring of slaying
MPRegen 0.12/turn

%: faith
@: flying, mesmerised
A: hooves 2, repulsion field 1, demonic magic 3
a: Renounce Religion, Stomp, Line Pass


You were on level 1 of the Lair of Beasts.
You worshipped Uskayaw.
Uskayaw was noncommittal.
You visited 3 branches of the dungeon, and saw 12 of its levels.

You collected 819 gold pieces.

Inventory:

Hand Weapons
 a - a +2 dagger
 t - a +2 dagger of electrocution
 y - a +2 dagger of freezing
 N - the +16 obsidian axe (weapon) {drain, demonic, Mesm Drain Fly SInv}
   (You found it on level 8 of the Dungeon)

   Mesm:      Its wielder is mesmerised by any visible foes, and it cannot be
   unequipped while any foes are visible.
   SInv:      It lets you see invisible.
   Fly:       It grants you flight.
   Drain:     It drains your maximum health when unequipped.
Missiles
 d - 42 poisoned darts (quivered)
 e - 4 curare-tipped darts
Armour
 b - a +0 robe
 c - a +0 cloak
 g - a +0 helmet (worn)
 o - a +0 animal skin
 p - a +0 cloak (worn)
 J - an orb of guile
 O - a +0 ring mail of positive energy (worn)
 S - a +2 leather armour of willpower
 T - the +1 ring mail of Imyo {rPois Will- Dex+3}
   (You found it on level 10 of the Dungeon)

   Dex+3:     It affects your dexterity (+3).
   rPois:     It protects you from poison Will-: It decreases your willpower.
Jewellery
 k - a +5 ring of evasion
 m - a +4 ring of slaying (right hand)
 n - a ring of fire
 x - a +6 ring of strength (left hand)
 B - a +6 ring of strength
 K - a ring of willpower
 P - an amulet of faith (around neck)
 R - a +6 ring of intelligence
 U - a +6 ring of strength
Wands
 w - a wand of flame (51)
 F - a wand of acid (11)
 V - a wand of polymorph (7)
Scrolls
 h - 4 scrolls of enchant weapon {unknown}
 l - 10 scrolls of identify {unknown}
 s - 4 scrolls of teleportation
 u - a scroll of brand weapon {unknown}
 v - 2 scrolls of amnesia
 C - a scroll of enchant armour {unknown}
 D - a scroll of immolation
 E - a scroll of vulnerability {unknown}
 Q - 3 scrolls of torment {unknown}
 W - a scroll of silence {unknown}
 X - a scroll of fear {unknown}
Potions
 f - 4 potions of curing
 i - 5 potions of might {unknown}
 j - 3 potions of attraction {unknown}
 q - a potion of haste {unknown}
 r - 3 potions of mutation {unknown}
 z - a potion of berserk rage {unknown}
 A - 3 potions of brilliance {unknown}
 G - 2 potions of heal wounds {unknown}
 H - a potion of ambrosia {unknown}
 I - a potion of cancellation {unknown}
 L - a potion of lignification {unknown}


   Skills:
 + Level 7.3 Fighting
 - Level 7.4 Short Blades
 * Level 8.8 Axes
 - Level 5.6 Throwing
 * Level 4.4 Armour
 - Level 6.8 Dodging
 - Level 8.7 Stealth
 + Level 1.0 Invocations
 - Level 2.1 Evocations


You had 10 spell levels left.
You didn't know any spells.
Your spell library contained the following spells:

 Spells                   Type           Power      Damage    Failure   Level
 Apportation              Tloc           0%         N/A       52%         1
 Necrotise                Necr           0%         1d4       52%         1
 Summon Small Mammal      Summ           0%         N/A       52%         1
 Dazzling Flash           Conj/Hex       0%         N/A       87%         3
 Inner Flame              Hex/Fire       0%         N/A       87%         3
 Brom's Barrelling Bould  Conj/Erth      0%         2d3       99%         4
 Agony                    Necr           0%         N/A       100%        5
 Fireball                 Conj/Fire      0%         3d3       100%        5
 Iskenderun's Battlesphe  Conj           0%         2d6       100%        5
 Silence                  Hex/Air        0%         N/A       100%        5
 Yara's Violent Unravell  Hex/Tmut       0%         3d3       100%        5
 Conjure Ball Lightning   Conj/Air       0%         3x3d6     100%        6
 Enfeeble                 Hex            0%         N/A       100%        7
 Orb of Destruction       Conj           0%         9d5       100%        7


Dungeon Overview and Level Annotations

Branches:
Dungeon (10/15)            Temple (1/1) D:7            Lair (1/5) D:8
    Orc (0/2) D:10

Altars:
Ashenzari
Cheibriados
Dithmenos
Fedhas
Gozag
Hepliaklqana
Kikubaaqudgha
Makhleb
Nemelex Xobeh
Okawaru
Qazlal
Ru
Sif Muna
Trog
Uskayaw
Vehumet
Wu Jian
Xom
Yredelemnul

Shops:
D:10 (:[:*

Portals:
Trove: D:10 (give +4 demon whip)

Annotations:
D:7 3 runed translucent doors, croobank's ghost, novice OpSh


Innate Abilities, Weirdness & Mutations

You have hoof-like feet.
You are surrounded by a mild repulsion field. (EV +2)
Spells you cast and wands you use may paralyse nearby enemies.


Message History

Your sixfirhy disappears in a puff of smoke!
You hear the thunderous beating of a distant drum.
A komodo dragon comes into view.
Visions of slaying the komodo dragon flood into your mind.
As you read the scroll of revelation, it crumbles to dust.
You feel aware of your surroundings.
You sensed 1 shop/portal.
You cannot move away from the komodo dragon!
You cannot move away from the komodo dragon!
You cannot move away from the komodo dragon!
A komodo dragon comes into view.
The komodo dragon moves out of view.
The komodo dragon hisses angrily.
The komodo dragon closely misses you.
You slash the komodo dragon! You drain the komodo dragon.
You kick the komodo dragon!
The komodo dragon is severely wounded.
The komodo dragon bites you! The komodo dragon closely misses you.
You slash the komodo dragon! You drain the komodo dragon.
The komodo dragon is almost dead.
You hit the komodo dragon. The komodo dragon bites you!!
The komodo dragon bites you but does no damage.
The komodo dragon barely misses you.
You can now pass through a line of other dancers.
You are too injured to fight recklessly!
You are too injured to fight recklessly!
You are too injured to fight recklessly!
Unknown command.
You are too injured to fight recklessly!
You barely miss the komodo dragon. You kick the komodo dragon.
The komodo dragon is lightly wounded.
You slash the komodo dragon!
You break out of your daze!
You kill the komodo dragon!
Visions of slaying the komodo dragon flood into your mind.
The komodo dragon bites you!!
* * * LOW HITPOINT WARNING * * *
You hit the komodo dragon. You kick the komodo dragon.
The komodo dragon is moderately wounded.
The komodo dragon bites you!!
You die...

,**,,,,,,,,,,*#............##....
,**,,**,,,,,..#.................#
,**,,,,,,*.*#....................
,,,,**,**,,.#..#.................
,,,,*,,,,.,,.....................
****,,,,,...,#....P.....P#.......
8,,*,,**,8.8.##..#.......##......
,,,,,,*,,.......l#.......##......
>,,+,,,,,.8....†@................
,,,*,,,,,.....#..#.....#........#
8,**,,**,8.8,,#.......#........##
,*,,*,,,,.,,,#..#.............,,*
,,,,*,,,,,,,..................,**
,,,,,,,**,,.##..#............#**
,,,,,*,,**.**..#...#........**
,,,,,,*,,,,,..##...###.....,* **
,,,,,,**,,,,,**,,,,*,,,,,,,** *,


You could see a komodo dragon (mesmerising).

Vanquished Creatures
  4 two-headed ogres
  A black mamba (Lair:1)
  An elephant (D:8)
  An unseen horror (D:10)
  A gargoyle (D:10)
  Jeremiah (D:8)
  5 komodo dragons
  A troll (D:10)
  Grinder (D:3)
  Prince Ribbit (D:8)
  2 hornets
  3 wyverns
  19 yaks
  A wraith (D:10)
  2 vampire mosquitoes (D:10)
  A steam dragon (D:9)
  An acid dragon (D:10)
  A water moccasin (Lair:1)
  3 ice beasts
  3 black bears
  2 hornet zombies (D:8)
  3 ogres
  3 centaurs
  3 phantoms
  2 kobold brigands
  3 scorpions
  4 bullfrogs
  2 wyvern zombies (D:8)
  8 wights
  3 killer bees (D:7)
  4 howler monkeys
  A centaur zombie (D:8)
  A quasit (D:4)
  3 orc priests
  3 jellies
  3 hounds
  Crazy Yiuf (D:4)
  An iron imp (D:3)
  A gnoll bouda (D:5)
  5 iguanas
  9 orc wizards
  2 killer bee zombies (D:8)
  Robin (D:2)
  A howler monkey zombie (D:8)
  9 gnolls
  6 adders
  7 shadow imps
  A white imp (D:3)
  7 ufetubi
  3 worms
  4 dart slugs
  36 orcs
  7 ball pythons
  9 endoplasms
  4 giant cockroaches
  16 goblins
  10 hobgoblins
  32 kobolds
  2 quokkas
  2 bats (D:3)
  6 frilled lizards
  6 rats
289 creatures vanquished.

Vanquished Creatures (collateral kills)
  Joseph (D:8)
  4 yaks
  A basilisk (D:10)
  A gnoll sergeant (D:10)
  A bullfrog (Lair:1)
  2 iron imps (D:3)
  An orc priest (D:10)
  An orc wizard (D:10)
  7 orcs (D:10)
19 creatures vanquished.

Vanquished Creatures (others)
  An arcanist (D:4)
1 creature vanquished.

Grand Total: 309 creatures vanquished

Notes
Turn   | Place    | Note
-------+----------+-------------------------------------------
     0 | D:1      | bmb222 the Demonspawn Brigand began the quest for the Orb.
     0 | D:1      | Reached XP level 1. HP: 16/16 MP: 1/1
   154 | D:1      | Gained mutation: You have large cloven feet. [demonic
                  | ancestry]
   154 | D:1      | Reached XP level 2. HP: 21/22 MP: 2/2
   191 | D:1      | Reached skill level 1 in Dodging
   616 | D:2      | Reached XP level 3. HP: 27/27 MP: 3/3
  1026 | D:2      | Reached XP level 4. HP: 32/34 MP: 4/4
  1099 | D:2      | Noticed Robin
  1195 | D:2      | Killed Robin
  1362 | D:2      | Found a faded altar of an unknown god.
  1687 | D:3      | Found a burning altar of Makhleb.
  1714 | D:3      | Reached XP level 5. HP: 40/40 MP: 5/5
  1937 | D:3      | Found an iron altar of Okawaru.
  2824 | D:4      | Noticed a black bear
  2842 | D:3      | Noticed Grinder
  2881 | D:3      | Paralysed by Grinder for 5 turns
  2896 | D:3      | Paralysed by Grinder for 3 turns
  2901 | D:3      | Killed Grinder
  2902 | D:3      | Gained mutation: You have hoof-like feet. [demonic
                  | ancestry]
  2902 | D:3      | Reached XP level 6. HP: 8/47 MP: 6/6
  3310 | D:3      | Gained mutation: You are surrounded by a mild repulsion
                  | field. (EV +2) [demonic ancestry]
  3310 | D:3      | Reached XP level 7. HP: 34/52 MP: 7/7
  3426 | D:4      | Reached skill level 5 in Stealth
  3939 | D:4      | Found a bloodstained altar of Trog.
  3940 | D:4      | Noticed an arcanist
  3945 | D:4      | Killed an arcanist
  4008 | D:4      | Reached XP level 8. HP: 59/60 MP: 8/8
  4284 | D:4      | Found a runed translucent door.
  4285 | D:4      | Noticed Crazy Yiuf
  4429 | D:4      | Killed Crazy Yiuf
  4430 | D:4      | Reached skill level 5 in Throwing
  4686 | D:5      | Entered Level 5 of the Dungeon
  4686 | D:5      | Found a radiant altar of Vehumet.
  4687 | D:5      | Found a shimmering altar of Xom.
  4688 | D:5      | Found a broken altar of Ashenzari.
  4695 | D:5      | Found a stormy altar of Qazlal.
  4830 | D:5      | Reached skill level 5 in Short Blades
  4959 | D:5      | Reached skill level 5 in Dodging
  4970 | D:4      | Gained mutation: Spells you cast may paralyse adjacent
                  | enemies. [demonic ancestry]
  4970 | D:4      | Reached XP level 9. HP: 27/66 MP: 9/9
  5110 | D:5      | Found an opulent altar of Gozag.
  5553 | D:5      | Reached skill level 5 in Fighting
  6208 | D:6      | Found a shadowy altar of Dithmenos.
  7230 | D:7      | Found a staircase to the Ecumenical Temple.
  7239 | Temple   | Entered the Ecumenical Temple
  7498 | D:7      | Found a runed translucent gate.
  7498 | D:7      | Found a runed translucent gate.
  7499 | D:7      | Found a runed translucent gate.
  7502 | D:7      | Noticed croobank's ghost (novice OpSh)
  7560 | D:7      | Noticed a +0 dagger
  7561 | D:7      | Noticed a +0 hand axe
  7573 | D:7      | Found a hide-covered altar of Uskayaw.
  7589 | D:7      | Became a worshipper of Uskayaw the Reveller
  7765 | D:7      | Reached * piety under Uskayaw
  7833 | D:7      | Reached ** piety under Uskayaw
  8039 | D:8      | Found an ancient bone altar of Kikubaaqudgha.
  8044 | D:8      | Noticed Jeremiah
  8048 | D:8      | Killed Jeremiah
  8049 | D:8      | Gained mutation: Spells you cast may paralyse nearby
                  | enemies. [demonic ancestry]
  8049 | D:8      | Reached XP level 10. HP: 76/76 MP: 10/10
  8112 | D:8      | Found the +16 obsidian axe {drain, demonic, Mesm Drain Fly
                  | SInv}
  8127 | D:8      | Paralysed by a hornet for 3 turns
  8260 | D:8      | Reached skill level 1 in Evocations
  8322 | D:8      | Reached *** piety under Uskayaw
  8343 | D:8      | Found an ornate altar of the Wu Jian Council.
  8405 | D:8      | Found a basalt altar of Yredelemnul.
  8509 | D:8      | Reached **** piety under Uskayaw
  8732 | D:8      | Noticed an elephant
  8740 | D:8      | Killed an elephant
  8762 | D:8      | Found a staircase to the Lair.
  8777 | D:8      | Reached skill level 1 in Invocations
  8842 | D:8      | Noticed Prince Ribbit
  8842 | D:8      | Noticed Joseph
  9245 | D:9      | Noticed a two-headed ogre
  9253 | D:9      | Killed a two-headed ogre
  9254 | D:9      | Reached skill level 1 in Axes
  9508 | D:8      | Killed Prince Ribbit
  9517 | D:8      | Reached ***** piety under Uskayaw
  9518 | D:8      | Killed Joseph
  9760 | D:9      | Noticed a two-headed ogre
  9767 | D:9      | Killed a two-headed ogre
  9768 | D:9      | Gained mutation: Spells you cast and wands you use may
                  | paralyse nearby enemies. [demonic ancestry]
  9768 | D:9      | Reached XP level 11. HP: 83/83 MP: 11/11
  9844 | D:9      | Found a hazy altar of Hepliaklqana.
 10240 | D:9      | Found a sparkling altar of Nemelex Xobeh.
 10329 | D:10     | Entered Level 10 of the Dungeon
 10329 | D:10     | Found Kokk's Book Boutique.
 10329 | D:10     | Found Doiboyli's Armour Shoppe.
 10330 | D:10     | Noticed a two-headed ogre
 10338 | D:10     | Killed a two-headed ogre
 10451 | D:10     | Found a staircase to the Orcish Mines.
 10567 | D:10     | Identified the +1 ring mail of Imyo {rPois Will- Dex+3}
 10580 | D:10     | Reached skill level 5 in Axes
 10742 | D:10     | Identified the +8 war axe "Guunapt" {heavy, rElec Str+3}
 10882 | D:10     | Noticed a two-headed ogre
 10888 | D:10     | Killed a two-headed ogre
 10926 | D:10     | Found a portal to a secret trove of treasure.
 10982 | D:10     | Found Caeboent's Book Shop.
 11023 | D:10     | Found Juaf's Antique Weapon Boutique.
 11133 | D:10     | Found Bummoacs's Assorted Antiques.
 11196 | D:10     | Found a sacrificial altar of Ru.
 11565 | Lair:1   | Entered Level 1 of the Lair of Beasts
 11778 | Lair:1   | HP: 4/84 [komodo dragon (22)]
 11779 | Lair:1   | Annihilated by a komodo dragon

Illustrated notes

Levels and vault maps discovered:
D:1:      lemuel_arrival_room, layout_rooms, minmay_pentomino_z2
D:2:      layout_loops_cross, shapermc_ecumenical_altar_petra, uniq_robin
D:3:      layout_basic, okawaru_altar_gauntlet_db, demons_altar, uniq_grinder
D:4:      layout_cave_pools, trog_wizard, serial_demonic, serial_demonic_g,
          serial_demonic_c, serial_demonic_g, serial_demonic_c,
          serial_demonic_f, serial_demonic_g, serial_demonic_d,
          uniq_crazy_yiuf_cottage
D:5:      kennysheep_kobold_camp, layout_basic,
          nicolae_overflow_quartered_altars, nicolae_qazlal_general_emergency
D:6:      layout_basic, grunt_dithmenos_shadows
D:7:      layout_loops_corners, dancing_weapons_uskayaw,
          minmay_temple_entry_ruins, ebering_ghost_rock_garden, enter_bailey_7
D:8:      layout_basic, nicolae_yredelemnul_corpse_copse, amcnicky_altar_gilded,
          mainiacjoe_overflow_alcove_4, grunt_lair_entry_orc_guard_hut,
          dreamdust_deal_with_the_devil, minmay_misc_feat_rugged,
          chequers_hall_statues_wall_a, uniq_prince_ribbit1, uniq_jeremiah,
          uniq_joseph
D:9:      layout_cave_pools, nzn_hepliaklqana_mist_gate,
          nemelex_diamond_rough_becter
D:10:     minmay_ornate_pinched, layout_loops_ring, hangedman_ru_absence,
          hiddenorc2_lemuel, nicolae_trove_entry_crystal, serial_shops,
          nicolae_take_the_stairs, shop, shop, shop, shop
Temple:   nicolae_temple_bog_church
Lair:1:   layout_hall_layers, gauntlet_entry_generic,
          chequers_serial_rivers_small_b, grunt_megastairs_2, uniq_gastronok

Skill      XL: |  1  2  3  4  5  6  7  8  9 10 11 |
---------------+----------------------------------+-----
Throwing       | 2 3 4 5 |  5.6
Short Blades   | 2 3 4 5 7 |  7.4
Dodging        | 1 2 3 5 6 |  6.8
Stealth        | 4 5 6 7 8 |  8.7
Fighting       | 3 4 5 6 7 |  7.3
Evocations     | 2 |  2.1
Invocations    | 1 |  1.0
Axes           | 3 8 |  8.8
Armour         | 3 4 |  4.4

Action                     |  1- 3 |  4- 6 |  7- 9 | 10-12 || total
---------------------------+-------+-------+-------+-------++-------
  Melee: Dagger            |   109 |   161 |   360 |    55 ||   685
         Kick              |    16 |    37 |   133 |    57 ||   243
         Punch             |     2 |     1 |     7 |       ||    10
         Broad axe         |       |       |       |   127 ||   127
  Throw: Dart              |     5 |    36 |    19 |     3 ||    63
  Evoke: Wand              |       |       |     2 |     5 ||     7
    Use: Scroll            |       |     4 |       |     3 ||     7
         Potion            |       |     4 |       |     2 ||     6
   Stab: Sleeping          |    10 |     5 |    14 |    12 ||    41
         Distracted        |       |     1 |     1 |     1 ||     3
         Paralysed         |       |       |       |    20 ||    20
 Armour: Robe              |    29 |    16 |       |       ||    45
         Animal skin       |       |    63 |    89 |    29 ||   181
         Ring mail         |       |       |       |    49 ||    49
  Dodge: Dodged            |    50 |   132 |   279 |   156 ||   617

Table legend: (Time is in decaauts)
 A = Elapsed time spent in this place.
 B = Non-inter-level travel time spent in this place.
 C = Inter-level travel time spent in this place.
 D = Time resting spent in this place.
 E = Time spent auto-exploring this place.
 F = Levels seen in this place.
 G = Mean time per level.
                   A        B        C        D        E       F      G
               +--------+--------+--------+--------+--------+-----+--------+
         Total |  11664 |  10882 |    782 |   1939 |   6040 |  12 |  972.0 |
       Dungeon |  11409 |  10627 |    782 |   1922 |   5942 |  10 | 1140.9 |
        Temple |     37 |     37 |      0 |      0 |      0 |   1 |   37.0 |
          Lair |    217 |    217 |      0 |     17 |     98 |   1 |  217.0 |
               +--------+--------+--------+--------+--------+-----+--------+

Top non-repeatable levels by time:
     D:3: 2027 daAuts
     D:7: 1449 daAuts
     D:5: 1421 daAuts
     D:4: 1367 daAuts
    D:10: 1234 daAuts
     D:8: 1145 daAuts
     D:2: 856 daAuts
     D:9: 849 daAuts
     D:1: 600 daAuts
     D:6: 457 daAuts
  Lair:1: 217 daAuts
  Temple: 37 daAuts
